 Dungeon Crawl Stone Soup version 0.31-a0-831-g143b1e81fc (webtiles) character file.

Game seed: 4864390836813836416

54876 Jaaky the Spry (level 14, 0/77 HPs)
             Began as a Spriggan Brigand on Sept 24, 2023.
             Was the Champion of Dithmenos.
             Slain by a spriggan druid
             ... wielding a +0 quarterstaff
              (1 damage)
             ... on level 1 of the Swamp.
             The game lasted 01:16:53 (19162 turns).

Jaaky the Spry (Spriggan Brigand)                  Turns: 19162, Time: 01:16:55

Health: 0/77       AC: 14    Str: 17    XL:     14   Next: 36%
Magic:  15/15      EV: 32    Int: 17    God:    Dithmenos [******]
Gold:   1364       SH:  0    Dex: 19    Spells: 13/13 levels left

rFire   . . .        z - +6 short sword of Icifex {venom, rC+ Str+4}
rCold   + . .        b - orb {mayhem}
rNeg    . . .        L - +4 steam dragon scales
rPois   +            (helmet restricted)
rElec   .            c - +0 cloak
rCorr   .            (gloves unavailable)
SInv    +            (boots unavailable)
Will    ++...        T - amulet "Pivoess" {Regen+ Int+4} Stlth **++++++++
                     h - +4 ring of protection
HPRegen 1.12/turn    x - +6 ring of strength
MPRegen 0.14/turn

%: mayhem
@: hasted, wreathed by umbra, very quick
A: very small, no large weapons, unfitting armour, see invisible, speed 3,
clumsy 1, poison resistance
a: Renounce Religion, Shadow Step, Shadow Form


You were on level 1 of the Swamp.
You worshipped Dithmenos.
Dithmenos was exalted by your worship.
You visited 4 branches of the dungeon, and saw 18 of its levels.
You also visited: Bailey.

You collected 1364 gold pieces.

Inventory:

Hand Weapons
 z - the +6 short sword of Icifex (weapon) {venom, rC+ Str+4}
   (You found it on level 4 of the Dungeon)

   Str+4:     It affects your strength (+4).
   rC+:       It protects you from cold.
 K - the +4 dagger "Puhos" {heavy, rElec rF- Str+2 Dex+3}
   (You found it on level 8 of the Dungeon)

   Str+2:     It affects your strength (+2).
   Dex+3:     It affects your dexterity (+3).
   rF-:       It makes you vulnerable to fire.
   rElec:     It insulates you from electricity.
 M - a +4 dagger
 N - a +5 short sword
 S - a +4 rapier of venom
Missiles
 d - 23 poisoned darts
 e - 5 curare-tipped darts
 s - 4 atropa-tipped darts (quivered)
 C - 5 datura-tipped darts
 W - 3 throwing nets
Armour
 b - an orb of mayhem (worn)
 c - a +0 cloak (worn)
 L - +4 steam dragon scales (worn)
Jewellery
 h - a +4 ring of protection (left hand)
 l - a ring of willpower
 q - a ring of protection from cold
 x - a +6 ring of strength (right hand)
 y - a ring of wizardry
 E - a ring of flight
 P - an amulet of the acrobat
 T - the amulet "Pivoess" (around neck) {Regen+ Int+4}
   (You took it off a centaur warrior on level 11 of the Dungeon)

   [amulet of regeneration]

   Int+4:     It affects your intelligence (+4).
   Regen+:    It increases your rate of health regeneration.
Talismans
 j - a beast talisman
 p - a granite talisman
Wands
 g - a wand of flame (14)
 m - a wand of polymorph (15)
 o - a wand of mindburst (9)
 t - a wand of light (13)
 H - a wand of charming (6)
Scrolls
 f - 2 scrolls of blinking
 n - 5 scrolls of revelation
 w - 3 scrolls of enchant weapon
 B - 2 scrolls of teleportation
 F - a scroll of silence {unknown}
 O - 3 scrolls of poison
 R - 3 scrolls of immolation
 V - 3 scrolls of vulnerability
Potions
 a - 3 potions of magic
 i - a potion of cancellation
 k - 2 potions of brilliance
 r - a potion of berserk rage
 u - 2 potions of ambrosia
 v - a potion of haste
 A - 6 potions of curing
 D - 4 potions of enlightenment
 G - a potion of attraction
Miscellaneous
 Q - a lightning rod (4/4)
 X - a phantom mirror
 Y - a box of beasts
 Z - a phial of floods


   Skills:
 * Level 10.5 Fighting
 * Level 15.6 Short Blades
 - Level 2.0 Throwing
 + Level 18.1 Dodging
 + Level 16.7 Stealth
 + Level 1.3 Evocations


You had 13 spell levels left.
You didn't know any spells.
Your spell library contained the following spells:

 Spells                   Type           Power      Damage    Failure   Level
 Frozen Ramparts          Ice            0%         1d1       56%         3
 Ozocubu's Armour         Ice            0%         N/A       56%         3
 Anguish                  Hex/Necr       0%         N/A       93%         4
 Cause Fear               Hex            0%         N/A       93%         4
 Olgreb's Toxic Radiance  Pois           0%         N/A       93%         4
 Petrify                  Tmut/Erth      0%         N/A       93%         4
 Vhi's Electric Charge    Tloc/Air       0%         N/A       93%         4
 Arcjolt                  Conj/Air       0%         1d10      100%        5
 Metabolic Englaciation   Hex/Ice        0%         N/A       100%        5
 Plasma Beam              Fire/Air       0%         2x1d10    100%        6
 Simulacrum               Ice/Necr       0%         N/A       100%        6
 Enfeeble                 Hex            0%         N/A       100%        7
 Ozocubu's Refrigeration  Ice            0%         4d7       100%        7
 Discord                  Hex            0%         N/A       100%        8
 Ignition                 Fire           0%         3d3       100%        8
 Polar Vortex             Ice            0%         N/A       100%        9


Dungeon Overview and Level Annotations

Branches:
Dungeon (11/15)            Temple (1/1) D:4            Lair (5/5) D:11
  Swamp (1/4) Lair:3       Spider (0/4) Lair:3        Slime (0/5) Lair:5
 Bailey (visited)
    Orc: D:9-12

Altars:
Ashenzari
Cheibriados
Dithmenos
Elyvilon
Fedhas
Gozag
Hepliaklqana
Kikubaaqudgha
Makhleb
Nemelex Xobeh
Okawaru
Qazlal
Ru
Sif Muna
Trog
Uskayaw
Vehumet
Wu Jian
Xom
Yredelemnul
Zin
The Shining One
Ignis

Shops:
D:4 ?[(   D:8 :   D:9 *

Annotations:
Lair:3 Kirke


Innate Abilities, Weirdness & Mutations

You are very small and have problems with some larger weapons.
You are too small for most types of armour.
You have supernaturally acute eyesight. (SInv)
You cover ground extremely quickly. (Speed+++)
You are clumsy. (Dex -2)
Your system is resistant to poisons. (rPois)


Message History

The spriggan rider hits you from afar with a +3 spear.
You hit the spriggan druid but do no damage.
The forest calms down.
The spriggan druid completely misses you.
The spriggan rider completely misses you.
You closely miss the spriggan druid.
The spriggan rider completely misses you.
You hit the tyrant leech.
The tyrant leech is almost dead.
The spriggan druid hits you with a +0 quarterstaff!
The spriggan rider hits you from afar with a +3 spear.
You are too injured to fight recklessly!
You barely miss the tyrant leech.
The tyrant leech is almost dead.
Your shadow hits the tyrant leech with a short sword.
The spriggan rider closely misses you. The tyrant leech completely misses you.
You closely miss the tyrant leech.
The tyrant leech is almost dead.
Your shadow closely misses the tyrant leech.
The spriggan druid hits you with a +0 quarterstaff.
The spriggan rider completely misses you.
You closely miss the tyrant leech.
The tyrant leech is almost dead.
Your shadow hits the tyrant leech with a short sword.
The tyrant leech looks more healthy.
The spriggan rider completely misses you.
The goliath frog completely misses you. The tyrant leech completely misses you.
You hit the tyrant leech but do no damage.
The tyrant leech is poisoned.
The tyrant leech is almost dead.
The spriggan druid hits you with a +0 quarterstaff!
* * * LOW HITPOINT WARNING * * *
The spriggan rider completely misses you.
You feel yourself speed up. The spriggan rider misses you.
The goliath frog hits you from afar.
* * * LOW HITPOINT WARNING * * *
You are splashed with acid!
* * * LOW HITPOINT WARNING * * *
The spriggan druid hits you with a +0 quarterstaff.
You die...

~~~~...~~~~♣♣♣ ♣♣..§~~~~.~♣
~~~~...~~~..~♣ ♣♣.~~~~~~~~..
§~~....~~~..~♣ ...~~~~~~~~.?
~.......~~~.♣ ~...~~.$~§~~~
....(~..~~~♣♣♣♣~.~....♣~~~~~
....~~.~~~~§♣~~.~~.♣§§♣§.~~~
♣).~..§~..~♣♣♣§§§§.~~~
♣♣.ii~wF~~♣♣§§§§§§§♣
♣.i.@~~~♣♣.w§§§§§§♣♣
♣..~~...~♣.~§♣§~~~.♣♣
♣.~~~....♣...♣.~~~~~~
♣.~~~...♣♣♣♣♣♣♣..~... ♣♣.~~~.♣♣♣
♣♣♣.....~ ♣...~~.♣ ♣♣♣.~~.~..~ ♣♣
♣♣♣♣ ♣♣♣♣~....♣♣ ♣♣..~~......
~♣♣♣~§♣♣♣...~...♣♣♣♣♣♣.~~~~.♣♣♣..
.......~♣.~~~.~~~..~♣♣.....♣♣~.§~


You could see a tyrant leech (very poisoned), 2 spriggan riders, a spriggan
druid and a goliath frog.

Vanquished Creatures
  Nessos (Lair:4)
  2 catoblepae
  6 hydras
  A ghost crab (Swamp:1)
  5 boulder beetles
  Erica (Lair:1)
  A centaur warrior (D:11)
  A two-headed ogre (D:11)
  5 death yaks (Lair:5)
  Urug (Lair:4)
  A deep troll shaman (Lair:5)
  3 skysharks
  A bog body (Lair:3)
  2 lindwurms (Lair:2)
  5 ugly things (D:11)
  A deep elf pyromancer (D:11)
  An orc knight (Bailey)
  An oklob plant (D:11)
  3 manticores (D:11)
  5 elephants
  4 black mambas
  9 cane toads
  2 unseen horrors (D:11)
  Jeremiah (Lair:1)
  9 komodo dragons
  4 trolls
  2 tyrant leeches (Swamp:1)
  A hornet (Lair:2)
  A bloated husk (Swamp:1)
  2 polar bears
  19 blink frogs
  4 shadows (D:11)
  32 yaks
  2 wraiths (D:11)
  8 wyverns
  2 hogs (Lair:3)
  3 steam dragons
  A fire elemental (Lair:4)
  Eustachio (D:4)
  4 basilisks
  Grum (D:8)
  4 vampire mosquitoes
  2 swamp worms (Swamp:1)
  11 water moccasins
  3 black bears
  2 ogres
  5 orc warriors
  2 ice beasts
  24 wolves
  2 centaurs
  A phantom (D:6)
  Blork the orc (D:5)
  A kobold brigand (D:9)
  7 bullfrogs
  2 gnoll sergeants
  3 scorpions (D:5)
  13 wights
  9 howler monkeys
  2 electric eels
  4 hounds
  7 orc priests
  A gnoll bouda (D:5)
  2 sleepcaps
  11 orc wizards
  A hound zombie (D:5)
  16 gnolls
  9 adders
  A white imp (D:5)
  2 ufetubi
  An adder zombie (D:5)
  2 worms
  3 dart slugs
  54 orcs
  5 bats
  2 endoplasms
  3 giant cockroaches
  9 goblins
  6 hobgoblins
  2 jackals (D:5)
  5 quokkas
  3 ball pythons
  2 frilled lizards
  7 kobolds
  7 rats
418 creatures vanquished.

Vanquished Creatures (collateral kills)
  An elephant (Lair:5)
  2 cane toads
  A blink frog (Lair:4)
  3 yaks
  2 wolves (Lair:5)
9 creatures vanquished.

Vanquished Creatures (others)
  A skyshark (Lair:4)
  An elephant (Lair:5)
  A bloated husk (Swamp:1)
  3 yaks
  2 water moccasins
8 creatures vanquished.

Grand Total: 435 creatures vanquished

Notes
Turn   | Place    | Note
-------+----------+-------------------------------------------
     0 | D:1      | Jaaky the Spriggan Brigand began the quest for the Orb.
     0 | D:1      | Reached XP level 1. HP: 10/10 MP: 2/2
     0 | D:1      | Noticed a minotaur zombie
     0 | D:1      | Noticed a naga
     9 | D:1      | Noticed a merfolk zombie
    15 | D:1      | Noticed a merfolk zombie
    17 | D:1      | Noticed a minotaur skeleton
    17 | D:1      | Noticed a demonspawn zombie
   128 | D:1      | Reached skill level 2 in Dodging
   140 | D:1      | Reached XP level 2. HP: 15/15 MP: 3/3
   170 | D:1      | Found a faded altar of an unknown god.
   679 | D:2      | Reached XP level 3. HP: 18/18 MP: 4/4
  1260 | D:3      | Reached skill level 3 in Dodging
  1260 | D:3      | Reached XP level 4. HP: 23/23 MP: 5/5
  1770 | D:4      | Found Fyguen's Magic Scroll Shop.
  1770 | D:4      | Found Gocvune's Antique Armour Shop.
  1770 | D:4      | Found Sarghucsi's Antique Weapon Shop.
  1885 | D:4      | Noticed Eustachio
  1931 | D:4      | Reached XP level 5. HP: 27/27 MP: 6/6
  2225 | D:4      | Killed Eustachio
  2226 | D:4      | Reached skill level 5 in Short Blades
  2226 | D:4      | Reached skill level 4 in Dodging
  2226 | D:4      | Reached XP level 6. HP: 18/32 MP: 7/7
  2327 | D:4      | Identified the +6 short sword of Icifex {venom, rC+ Str+4}
  2376 | D:4      | Found a staircase to the Ecumenical Temple.
  2517 | Temple   | Entered the Ecumenical Temple
  2528 | Temple   | Became a worshipper of Dithmenos the Shadowed
  2575 | D:5      | Entered Level 5 of the Dungeon
  2623 | D:5      | Found a basalt altar of Yredelemnul.
  2701 | D:5      | Noticed Blork the orc
  2712 | D:5      | Killed Blork the orc
  2759 | D:5      | Reached XP level 7. HP: 15/36 MP: 8/8
  3089 | D:5      | Reached skill level 5 in Dodging
  3166 | D:5      | Reached * piety under Dithmenos
  3552 | D:5      | Reached XP level 8. HP: 36/42 MP: 9/9
  3932 | D:6      | Reached skill level 6 in Dodging
  4047 | D:6      | Reached skill level 7 in Dodging
  4488 | D:6      | Found a blossoming altar of Fedhas.
  4761 | D:7      | Found a hazy altar of Hepliaklqana.
  4904 | D:7      | Reached XP level 9. HP: 46/46 MP: 10/10
  4919 | D:7      | Reached skill level 10 in Short Blades
  4924 | D:7      | Reached ** piety under Dithmenos
  5123 | D:7      | Found a broken altar of Ashenzari.
  5127 | D:7      | Reached skill level 8 in Dodging
  5525 | D:8      | Found a burning altar of Makhleb.
  5755 | D:8      | Found Duloojoidgh's Tremendous Tomes.
  5889 | D:8      | Noticed Grum
  5893 | D:8      | Identified the +4 dagger "Puhos" {heavy, rElec rF- Str+2
                  | Dex+3}
  5911 | D:8      | Killed Grum
  5912 | D:8      | Reached skill level 5 in Fighting
  5959 | D:8      | Found a white marble altar of Elyvilon.
  6038 | D:8      | Reached skill level 9 in Dodging
  6564 | D:9      | Noticed a troll
  6580 | D:9      | Found Iron's Changing Room.
  6597 | D:9      | Killed a troll
  6597 | D:9      | Reached *** piety under Dithmenos
  6672 | D:9      | Found an ancient bone altar of Kikubaaqudgha.
  6680 | D:9      | Reached XP level 10. HP: 52/52 MP: 11/11
  6862 | D:9      | Found a sparkling altar of Nemelex Xobeh.
  7092 | D:9      | Found a snail-covered altar of Cheibriados.
  7402 | D:10     | Entered Level 10 of the Dungeon
  7408 | D:10     | Found a flagged portal.
  7480 | Bailey   | Entered a bailey
  7622 | Bailey   | Noticed an orc knight
  7641 | Bailey   | Reached skill level 10 in Dodging
  7737 | Bailey   | Killed an orc knight
  7761 | Bailey   | Identified the +0 pair of gloves of Vef Xiakam {Rampage
                  | rCorr Int+2}
  7937 | D:10     | Found a stormy altar of Qazlal.
  7938 | D:10     | Gained mutation: You are robust. (+10% HP) [potion of
                  | mutation]
  8018 | D:10     | Got a well-preserved book
  8151 | D:10     | Reached **** piety under Dithmenos
  8498 | D:11     | Noticed an oklob plant
  8504 | D:11     | Found a staircase to the Lair.
  8554 | D:11     | Reached skill level 11 in Dodging
  8569 | D:11     | Noticed a manticore
  8573 | D:11     | Killed a manticore
  8713 | D:11     | Noticed a boulder beetle
  8719 | D:11     | Killed a boulder beetle
  8720 | D:11     | Reached XP level 11. HP: 63/63 MP: 12/12
  8720 | D:11     | Noticed a two-headed ogre
  8721 | D:11     | Noticed a green ugly thing
  8739 | D:11     | Noticed a white ugly thing
  8740 | D:11     | Killed a green ugly thing
  8761 | D:11     | Identified the amulet "Pivoess" {Regen+ Int+4}
  8761 | D:11     | Noticed a centaur warrior
  8814 | D:11     | Killed a two-headed ogre
  8815 | D:11     | Reached skill level 12 in Dodging
  8907 | D:11     | Noticed a brown ugly thing
  8916 | D:11     | Killed a brown ugly thing
  9320 | D:11     | Noticed a deep elf pyromancer
  9325 | D:11     | Noticed an eight-headed hydra
  9386 | D:11     | Killed a deep elf pyromancer
  9415 | D:11     | Killed a centaur warrior
  9486 | D:11     | Noticed a boulder beetle
  9547 | D:11     | Reached skill level 10 in Stealth
  9562 | D:11     | Killed a boulder beetle
  9563 | D:11     | Reached skill level 13 in Dodging
  9610 | D:11     | Noticed a purple ugly thing
  9611 | D:11     | Noticed a white ugly thing
  9629 | D:11     | Killed a purple ugly thing
  9645 | D:11     | Killed a white ugly thing
  9711 | D:11     | Killed a red ugly thing
 10548 | D:11     | Learned a level 3 spell: Frozen Ramparts
 10659 | D:11     | Killed an oklob plant
 10712 | D:11     | Reached XP level 12. HP: 70/70 MP: 13/13
 10725 | Lair:1   | Entered Level 1 of the Lair of Beasts
 10836 | Lair:1   | Reached skill level 14 in Dodging
 11036 | Lair:1   | Noticed a boulder beetle
 11043 | Lair:1   | Killed a boulder beetle
 11343 | Lair:1   | Noticed Jeremiah
 11347 | Lair:1   | Killed Jeremiah
 11399 | Lair:1   | Noticed Erica
 11406 | Lair:1   | Killed Erica
 11705 | Lair:2   | Reached ***** piety under Dithmenos
 11939 | Lair:2   | Reached skill level 15 in Dodging
 12389 | Lair:2   | Noticed a five-headed hydra
 12418 | Lair:2   | Killed a five-headed hydra
 12419 | Lair:2   | Reached skill level 1 in Evocations
 13152 | Lair:2   | Identified the +5 rapier of Twilight {pain, rElec rF+
                  | Str+2}
 13535 | Lair:3   | Found a staircase to the Swamp.
 13547 | Lair:3   | Reached XP level 13. HP: 77/77 MP: 14/14
 13782 | Lair:3   | Found a hole to the Spider Nest.
 14063 | Lair:3   | Reached skill level 16 in Dodging
 14555 | Lair:3   | Noticed Kirke
 15402 | Lair:4   | Noticed Nessos
 15409 | Lair:4   | Killed Nessos
 15442 | Lair:4   | Noticed Urug
 15449 | Lair:4   | Killed Urug
 15570 | Lair:4   | Reached skill level 15 in Short Blades
 15615 | Lair:4   | Reached skill level 17 in Dodging
 15648 | Lair:4   | Reached skill level 15 in Stealth
 16116 | Lair:4   | Found an ancient bone altar of Kikubaaqudgha.
 16346 | Lair:5   | Entered Level 5 of the Lair of Beasts
 16664 | Lair:5   | Reached skill level 10 in Fighting
 16719 | Lair:5   | Found a staircase to the Slime Pits.
 16804 | Lair:5   | Lost mutation: You are robust. (+10% HP) [potion of
                  | mutation]
 16804 | Lair:5   | Gained mutation: You are clumsy. (Dex -2) [potion of
                  | mutation]
 16804 | Lair:5   | Gained mutation: Your system is resistant to poisons.
                  | (rPois) [potion of mutation]
 17172 | Lair:5   | Reached XP level 14. HP: 77/77 MP: 15/15
 17374 | Lair:5   | Reached ****** piety under Dithmenos
 17812 | Lair:5   | Found the +7 great mace "Firestarter" {flame, immolate,
                  | rFlCloud rF++}
 18107 | Lair:5   | Reached skill level 18 in Dodging
 18850 | Swamp:1  | Entered Level 1 of the Swamp
 19162 | Swamp:1  | HP: 1/77 [acid[a spriggan druid] (8)]
 19162 | Swamp:1  | Slain by a spriggan druid

Illustrated notes

Levels and vault maps discovered:
D:1:      shiori_arrival_whats_in_store_for_you, layout_basic,
          hellmonk_ecumenical_altar_run_dry
D:2:      layout_loops_cross, serial_glass, glass_columns_b, glass_columns_a,
          minmay_strange_pillars, feat_on_display, minmay_strange_pillars,
          feat_on_display
D:3:      layout_loops_ring
D:4:      layout_cave_pools, temple_doors_e, nicolae_shop_distant_corner_stores,
          chequers_serial_rivers_micro_a, uniq_eustachio
D:5:      layout_basic, lemuel_zombie_altar_yredelemnul, uniq_blork_the_orc
D:6:      layout_loops_ring, kennysheep_little_box, minmay_chambers_of_fives
D:7:      layout_basic, mainiacjoe_overflow_24_doors,
          mainiacjoe_overflow_cross_hatched
D:8:      layout_basic, mainiacjoe_overflow_large_starburst,
          nicolae_shop_i_like_big_books, kennysheep_nondescript, uniq_grum
D:9:      layout_basic, chei_slow_surprise, nemelex_xobeh_ov_fountains_minmay,
          mainiacjoe_overflow_concentric_impassable, nicolae_transmutations_shop
D:10:     layout_long_grid, mainiacjoe_overflow_tiny_flanked, enter_bailey_5
D:11:     minmay_the_grid_triangle_9x9_line_8_mashed
          [minmay_the_grid_triangle_9x9_limited_checkers,
          minmay_the_grid_triangle_9x9_semitri,
          minmay_the_grid_triangle_9x9_alien,
          minmay_the_grid_triangle_9x9_pentomino_pain,
          minmay_the_grid_triangle_9x9_odd_lines,
          minmay_the_grid_triangle_9x9_flanged_cone,
          minmay_the_grid_triangle_9x9_shrine,
          minmay_the_grid_triangle_9x9_prize_schism], layout_cave_pods,
          dpeg_oklobed_lair
Temple:   pdpol_scorched_temple
Lair:1:   layout_regular_city, serial_bayou_lake_a, serial_bayou_shore_a,
          uniq_jeremiah, uniq_erica
Lair:2:   cheibrodos_lair_overgrown_chateau, layout_cave_pods, minivault_19
Lair:3:   layout_regular_city, skrybe_swamp_entry_bodies,
          spider_nest_entry_web_field, chequers_serial_rivers_room_b,
          minmay_shattered_shrine, uniq_kirke
Lair:4:   layout_gridlike, basic_altar, nicolae_quartered_pool_impasse,
          lemuel_old_faithful, uniq_nessos, uniq_urug
Lair:5:   grunt_lair_end_beastmaster, layout_cave_pods, slime_entry_1
Swamp:1:  layout_basic_swamp, nicolae_swamp_some_circles

Skill      XL: |  1  2  3  4  5  6  7  8  9 10 11 12 13 14 |
---------------+-------------------------------------------+-----
Dodging        | 2 3 4 5 7 9 11 13 15 17 18 | 18.1
Fighting       | 2 3 4 5 7 8 10 | 10.5
Short Blades   | 3 4 5 6 8 9 11 12 13 14 15 | 15.6
Stealth        | 8 10 13 15 16 | 16.7
Evocations     | 1 |  1.3
Throwing       | |  2.0

Action                     |  1- 3 |  4- 6 |  7- 9 | 10-12 | 13-15 || total
---------------------------+-------+-------+-------+-------+-------++-------
  Melee: Dagger            |    34 |       |       |       |       ||    34
         Rapier            |    44 |    59 |       |       |       ||   103
         Short sword       |       |    29 |   338 |   850 |   661 ||  1878
         Punch             |       |     2 |     4 |     5 |       ||    11
         Unarmed           |       |       |       |       |     8 ||     8
  Throw: Dart              |       |       |       |    18 |    18 ||    36
         Throwing net      |       |       |       |    11 |     3 ||    14
  Evoke: Lightning rod     |       |       |       |     5 |       ||     5
         Wand              |       |       |       |       |     3 ||     3
    Use: Scroll            |       |    10 |       |    14 |     6 ||    30
         Potion            |       |       |     3 |     4 |     7 ||    14
   Stab: Sleeping          |    14 |     6 |    15 |    23 |    31 ||    89
         Distracted        |     1 |       |     2 |     5 |     9 ||    17
         Held in net/web   |       |       |       |     2 |       ||     2
         Invisible         |       |       |       |       |     4 ||     4
 Armour: Robe              |    16 |    45 |    62 |       |       ||   123
         Steam dragon scal |       |       |       |   175 |   177 ||   352
         Skin              |       |       |       |       |     6 ||     6
  Dodge: Dodged            |    36 |   103 |   204 |   753 |   683 ||  1779

Table legend: (Time is in decaauts)
 A = Elapsed time spent in this place.
 B = Non-inter-level travel time spent in this place.
 C = Inter-level travel time spent in this place.
 D = Time resting spent in this place.
 E = Time spent auto-exploring this place.
 F = Levels seen in this place.
 G = Mean time per level.
                   A        B        C        D        E       F      G
               +--------+--------+--------+--------+--------+-----+--------+
         Total |  12789 |  11809 |    980 |   1778 |   6577 |  19 |  673.1 |
       Dungeon |   6748 |   6381 |    367 |    576 |   4064 |  11 |  613.5 |
        Temple |     14 |      3 |     11 |      0 |      0 |   1 |   14.0 |
          Lair |   5498 |   4898 |    600 |   1121 |   2343 |   5 | 1099.6 |
         Swamp |    237 |    235 |      2 |     68 |     80 |   1 |  237.0 |
        Bailey |    291 |    291 |      0 |     13 |     89 |   1 |  291.0 |
               +--------+--------+--------+--------+--------+-----+--------+

Top non-repeatable levels by time:
  Lair:2: 1598 daAuts
    D:11: 1494 daAuts
  Lair:3: 1398 daAuts
  Lair:5: 1113 daAuts
     D:5: 883 daAuts
  Lair:4: 767 daAuts
     D:8: 758 daAuts
  Lair:1: 620 daAuts
     D:6: 549 daAuts
     D:9: 535 daAuts
     D:3: 520 daAuts
     D:4: 459 daAuts
    D:10: 432 daAuts
     D:7: 416 daAuts
     D:2: 380 daAuts
